 Dungeon Crawl Stone Soup version 0.30.1-9-gdf580d7c3d (webtiles) character file.

Game seed: 17608548430542813881

7321 Logoto the Spear-Bearer (level 11, 0/97 HPs)
             Began as a Hill Orc Fighter on Oct 13, 2023.
             Was a Priest of Beogh.
             Slain by Grum
             ... wielding a +1 heavy glaive
              (34 damage)
             ... on level 9 of the Dungeon.
             The game lasted 00:27:28 (9804 turns).

Logoto the Spear-Bearer (Hill Orc Fighter)          Turns: 9804, Time: 00:27:29

Health: 0/97       AC: 19    Str: 24    XL:     11   Next: 13%
Magic:  11/11      EV: 10    Int:  8    God:    Beogh [***...]
Gold:   267        SH:  0    Dex: 10    Spells: 10/10 levels left

rFire   + + +        S - +9 rapier of the Hurting Shrike {freeze, *Rage +Blink rF+++}
rCold   . . .        (no shield)
rNeg    . . .        M - +2 chain mail {Will+}
rPois   .            n - +2 helmet
rElec   .            (no cloak)
rCorr   .            v - +0 pair of gloves
SInv    .            z - +0 pair of boots
Will    +....        (no amulet) Stlth
                     (no ring)
HPRegen 0.36/turn    (no ring)
MPRegen 0.12/turn

%: random rage (20%)
@: no status effects
A: no striking features
a: Renounce Religion, Evoke Blink, Smiting


You were on level 9 of the Dungeon.
You worshipped Beogh.
Beogh was most pleased with you.
You visited 1 branch of the dungeon, and saw 9 of its levels.

You collected 475 gold pieces.
You spent 208 gold pieces at shops.

Inventory:

Hand Weapons
 B - a +2 vampiric glaive
 G - a +4 halberd
 L - a +4 trident of freezing
 O - a +2 long sword of pain
 S - the +9 rapier of the Hurting Shrike (weapon) {freeze, *Rage +Blink rF+++}
   (You found it on level 8 of the Dungeon)

   rF:        It renders you almost immune to fire.
   +Blink:    It lets you blink.
   *Rage:     It berserks you when you make melee attacks (+20% chance).
 T - a +2 halberd of freezing
 U - a +4 halberd
Missiles
 H - 5 throwing nets (quivered)
Armour
 c - a +0 buckler
 n - a +2 helmet (worn)
 v - a +0 pair of gloves (worn)
 z - a +0 pair of boots (worn)
 M - a +2 chain mail of willpower (worn)
 P - +1 steam dragon scales
Jewellery
 a - the ring "Gachetho" {rElec rF+ rN+ MP+9 Str+3}
   (You found it on level 8 of the Dungeon)

   [ring of magical power]

   Str:       It affects your strength (+3).
   rF:        It protects you from fire.
   rElec:     It insulates you from electricity.
   rN:        It protects you from negative energy.
   MP:        It affects your magic capacity (+9).
 q - a ring of wizardry
 x - a ring of positive energy
Wands
 b - a wand of paralysis (7)
 C - a wand of mindburst (15)
 E - a wand of quicksilver (28)
 J - a wand of roots (6)
Scrolls
 e - a scroll of summoning {unknown}
 f - 3 scrolls of enchant armour {unknown}
 g - 2 scrolls of blinking {unknown}
 h - 2 scrolls of fear {unknown}
 l - 4 scrolls of fog {unknown}
 m - 4 scrolls of teleportation {unknown}
 o - 2 scrolls of immolation {unknown}
 p - 2 scrolls of magic mapping {unknown}
 s - a scroll of poison {unknown}
 u - 2 scrolls of amnesia {unknown}
 y - a scroll of noise {unknown}
 A - 13 scrolls of identify {unknown}
 I - a scroll of acquirement {unknown}
 K - 2 scrolls of enchant weapon {unknown}
 R - 2 scrolls of silence {unknown}
Potions
 d - 4 potions of might
 i - 3 potions of lignification {unknown}
 j - a potion of invisibility {unknown}
 k - a potion of magic {unknown}
 r - 4 potions of degeneration {unknown}
 t - 4 potions of brilliance {unknown}
 w - 2 potions of attraction {unknown}
 D - 6 potions of heal wounds
 F - 3 potions of curing
 N - a potion of berserk rage {unknown}
 Q - a potion of haste {unknown}
 V - a potion of resistance {unknown}


   Skills:
 + Level 9.1 Fighting
 + Level 0.6 Short Blades
 + Level 6.4(11.0) Axes
 + Level 11.8(12.3) Polearms
 + Level 9.4 Armour
 + Level 3.8 Dodging
 + Level 1.2 Stealth
 + Level 4.1 Shields


You had 10 spell levels left.
You didn't know any spells.
Your spell library contained the following spells:

 Spells                   Type           Power      Damage    Failure   Level
 Apportation              Tloc           0%         N/A       88%         1
 Necrotise                Necr           0%         1d4       88%         1
 Sandblast                Erth           0%         2d4       88%         1
 Summon Small Mammal      Summ           0%         N/A       88%         1
 Passwall                 Tmut/Erth      0%         N/A       96%         2
 Poisonous Vapours        Pois/Air       0%         N/A       96%         2
 Mephitic Cloud           Conj/Pois/Air  0%         N/A       99%         3
 Stone Arrow              Conj/Erth      0%         3d7       99%         3
 Freezing Cloud           Conj/Ice/Air   0%         6-21      100%        5


Dungeon Overview and Level Annotations

Branches:
Dungeon (9/15)             Temple (0/1) D:5            Lair (0/5) D:8
    Orc: D:9-12

Altars:
Cheibriados
Gozag
Hepliaklqana
Nemelex Xobeh
Sif Muna
Vehumet
Zin
The Shining One

Shops:
D:4 *   D:6 !

Annotations:
D:9 Grum


Message History

You puncture the wolf! You freeze the wolf.
You kill the wolf!
Beogh accepts your kill.
Your life force feels restored.
You start resting.
You feel a strong urge to attack something.
You start resting.
You feel your anger nearly subside.
You are no longer berserk.
You are exhausted.
You feel yourself slow down.
You start resting.
You feel yourself speed up.
You start resting.
You recover from your berserk rage.
You start resting.
HP restored.
You climb downwards.
Level annotation: Grum
There is a stone staircase leading up, spattered with blood here.
V - an inky potion
A - 13 scrolls labelled ANIANE PUSHECW (gained 1) Grum is nearby!
Grum hits you from afar with a +1 heavy glaive!
Grum hits you with a +1 heavy glaive!
You closely miss Grum. You puncture Grum! You freeze Grum.
Grum is moderately wounded.
Grum hits you with a +1 heavy glaive!!
You puncture Grum! You freeze Grum.
Grum is heavily wounded.
Grum hits you with a +1 heavy glaive!
You barely miss Grum.
Grum is heavily wounded.
Grum barely misses you.
You barely miss Grum.
Grum is heavily wounded.
You hit Grum. You freeze Grum.
Grum is severely wounded.
Grum hits you with a +1 heavy glaive!!
You die...

###### ###....#
####......##
.###.#..<.<...#
#........[[..##
#........[[@.###
.......))..g...##
..............!...#
....#..............
... ##.............
.. #.........#### .
..........##
###.....#..#
......####


You could see Grum.

Vanquished Creatures
  A manticore (D:8)
  Maggie (D:7)
  A komodo dragon (shapeshifter) (D:8)
  2 meliai (D:8)
  Sigmund (D:3)
  A wraith (D:8)
  2 wyverns
  6 yaks
  A basilisk (D:8)
  A steam dragon (D:8)
  Menkaure (D:7)
  A vampire mosquito (D:8)
  2 water moccasins
  3 black bears
  2 ice beasts (D:5)
  An orc warrior (D:7)
  2 ogres
  4 wolves (D:8)
  2 centaurs (D:7)
  2 kobold brigands
  3 bullfrogs
  4 gnoll sergeants
  2 scorpions (D:6)
  14 wights
  A howler monkey (D:5)
  5 hounds
  3 orc priests
  2 gnoll boudas (D:6)
  2 iguanas (D:4)
  A sleepcap (D:6)
  Natasha (thrice) (D:2)
  8 orc wizards
  Robin (D:4)
  21 gnolls
  5 adders
  2 shadow imps (D:7)
  A white imp (D:8)
  2 ufetubi
  3 worms
  2 dart slugs
  25 orcs
  10 ball pythons
  11 endoplasms
  3 giant cockroaches (D:1)
  18 goblins
  10 hobgoblins
  14 jackals
  2 quokkas
  2 bats (D:2)
  4 frilled lizards
  15 kobolds
  5 rats
241 creatures vanquished.

Vanquished Creatures (others)
  A wight (D:7)
  A gnoll (D:5)
  An orc (D:5)
  An endoplasm (D:4)
  2 quokkas (D:4)
6 creatures vanquished.

Grand Total: 247 creatures vanquished

Notes
Turn   | Place    | Note
-------+----------+-------------------------------------------
     0 | D:1      | Logoto the Hill Orc Fighter began the quest for the Orb.
     0 | D:1      | Reached XP level 1. HP: 19/19 MP: 1/1
   121 | D:1      | Reached XP level 2. HP: 27/27 MP: 2/2
   254 | D:1      | Reached XP level 3. HP: 32/33 MP: 3/3
   947 | D:2      | Reached XP level 4. HP: 30/40 MP: 4/4
  1003 | D:2      | Noticed Natasha
  1017 | D:2      | Killed Natasha
  1240 | D:2      | Noticed Natasha
  1248 | D:2      | Killed Natasha
  1249 | D:2      | Reached XP level 5. HP: 37/46 MP: 5/5
  1293 | D:2      | Reached skill level 1 in Dodging
  1482 | D:2      | Noticed Natasha
  1491 | D:2      | Killed Natasha
  1492 | D:2      | Reached skill level 5 in Axes
  1699 | D:3      | Noticed Sigmund
  1734 | D:3      | Killed Sigmund
  1735 | D:3      | Reached XP level 6. HP: 26/53 MP: 6/6
  2332 | D:4      | Found Iquareeg's General Store.
  2652 | D:4      | Found an opulent altar of Gozag.
  2698 | D:4      | Noticed Robin
  2743 | D:4      | Killed Robin
  2775 | D:4      | Found a radiant altar of Vehumet.
  2786 | D:4      | Reached XP level 7. HP: 59/60 MP: 7/7
  3301 | D:5      | Entered Level 5 of the Dungeon
  3365 | D:5      | Reached skill level 5 in Fighting
  3503 | D:5      | Reached skill level 5 in Armour
  3533 | D:5      | Reached skill level 1 in Polearms
  3598 | D:5      | Found a snail-covered altar of Cheibriados.
  3913 | D:5      | Became a worshipper of Beogh the Brigand
  3926 | D:5      | Reached skill level 2 in Polearms
  3993 | D:5      | Found a staircase to the Ecumenical Temple.
  4020 | D:5      | You fall into a shaft and drop 1 floor!
  4028 | D:6      | Reached skill level 3 in Polearms
  4042 | D:7      | HP: 2/56 [centaur/arrow (1)]
  4043 | D:7      | Reached XP level 8. HP: 2/65 MP: 8/8
  4510 | D:5      | Reached skill level 4 in Polearms
  4892 | D:6      | Reached skill level 5 in Polearms
  5212 | D:5      | Reached * piety under Beogh
  5243 | D:6      | Found a shimmering blue altar of Sif Muna.
  5498 | D:5      | Reached skill level 6 in Polearms
  5738 | D:6      | Found a hazy altar of Hepliaklqana.
  5757 | D:6      | Found Teorust's Distillery.
  5772 | D:6      | Bought a potion of heal wounds for 65 gold pieces
  5772 | D:6      | Bought a potion of heal wounds for 65 gold pieces
  5772 | D:6      | Bought a potion of curing for 39 gold pieces
  5772 | D:6      | Bought a potion of curing for 39 gold pieces
  5842 | D:6      | Found a glowing golden altar of the Shining One.
  5927 | D:6      | Reached XP level 9. HP: 72/75 MP: 9/9
  6148 | D:6      | Reached skill level 7 in Polearms
  6616 | D:7      | Noticed Maggie
  6617 | D:7      | Noticed Menkaure
  6625 | D:7      | Killed Maggie
  6629 | D:7      | Killed Menkaure
  6630 | D:7      | Reached skill level 8 in Polearms
  6814 | D:7      | Reached ** piety under Beogh
  6928 | D:7      | Reached skill level 1 in Stealth
  6932 | D:7      | Found a glowing silver altar of Zin.
  7206 | D:7      | Found a sparkling altar of Nemelex Xobeh.
  7324 | D:8      | Found a staircase to the Lair.
  7334 | D:8      | Reached skill level 9 in Polearms
  7510 | D:7      | Reached XP level 10. HP: 86/86 MP: 10/10
  7904 | D:8      | Reached skill level 10 in Polearms
  8090 | D:8      | Reached *** piety under Beogh
  8557 | D:8      | Reached skill level 11 in Polearms
  8588 | D:8      | Noticed a cyclops
  8796 | D:8      | Identified the ring "Gachetho" {rElec rF+ rN+ MP+9 Str+3}
  8805 | D:8      | Noticed a manticore
  8814 | D:8      | Killed a manticore
  8831 | D:8      | Identified the +9 rapier of the Hurting Shrike {freeze,
                  | *Rage +Blink rF+++}
  9066 | D:8      | Reached XP level 11. HP: 47/95 MP: 11/11
  9644 | D:9      | Noticed Grum
  9804 | D:9      | Slain by Grum

Illustrated notes

Levels and vault maps discovered:
D:1:      lemuel_arrival_rhombus, layout_basic
D:2:      layout_basic, uniq_natasha
D:3:      layout_loops_ring, minmay_fractal_squares_gapless_5, uniq_sigmund
D:4:      layout_loops_ring, fiery_altar_vehumet, mainiacjoe_overflow_boulevard,
          nicolae_stop_n_shop_1, nrook_uturn, uniq_robin
D:5:      layout_loops_ring, kennysheep_slug_shrine, minmay_temple_entry_slanted
D:6:      layout_cave_pools, mainiacjoe_overflow_alcove_1,
          nicolae_sif_muna_condensation, worldfamousw_hep_ancestral_shrine,
          serial_gnoll_camp, gnoll_camp_mini_shop, gnoll_camp_mini_hut,
          gnoll_camp_mini_basic, gnoll_camp_medium_01, minivault_24
D:7:      layout_cave_pools, zin_scriptorium, nemelex_dance_club_becter,
          uniq_menkaure, uniq_maggie
D:8:      layout_basic, due_lair_maze_entry_diamond, enter_bailey_3,
          minmay_evil_grid
D:9:      layout_cave_pools, kennysheep_mini_moat, serial_shops,
          kennysheep_little_box, uniq_gastronok, uniq_grum

Skill      XL: |  1  2  3  4  5  6  7  8  9 10 11 |
---------------+----------------------------------+-----
Axes           | 3 4 6 |  6.4
Fighting       | 4 5 7 8 9 |  9.1
Armour         | 4 5 6 7 9 |  9.4
Dodging        | 1 2 3 |  3.8
Shields        | 4 |  4.1
Polearms       | 3 6 9 11 | 11.8
Stealth        | 1 |  1.2
Short Blades   | |  0.6

Action                     |  1- 3 |  4- 6 |  7- 9 | 10-12 || total
---------------------------+-------+-------+-------+-------++-------
  Melee: War axe           |   100 |   171 |       |       ||   271
         Glaive            |       |     4 |   341 |   151 ||   496
         Rapier            |       |       |       |    59 ||    59
         Punch             |       |       |       |     1 ||     1
 Invoke: Convert to Beogh  |       |       |     1 |       ||     1
    Use: Potion            |       |     1 |     1 |     6 ||     8
 Armour: Scale mail        |    50 |   114 |   164 |       ||   328
         Chain mail        |       |       |    97 |   183 ||   280
  Dodge: Dodged            |    34 |   110 |   274 |   165 ||   583
  Block: Buckler           |    24 |    39 |       |       ||    63
